 Dungeon Crawl Stone Soup version 0.23-a0-577-g2b1de944cd (webtiles) character file.

232 RKaid the Slasher (level 6, -10/49 HPs)
             Began as a Human Chaos Knight on Dec 15, 2018.
             Was a Plaything of Xom.
             Killed by divine providence
             ... invoked by a smoke demon
             ... summoned by the capriciousness of Xom
              (16 damage)
             ... on level 4 of the Dungeon.
             The game lasted 00:08:07 (3508 turns).

RKaid the Slasher (Human Chaos Knight)              Turns: 3508, Time: 00:08:22

Health: -10/49     AC:  3    Str: 13      XL:     6   Next: 25%
Magic:  6/6        EV: 11    Int: 17      God:    Xom [......]
Gold:   143        SH:  0    Dex: 11 (12) Spells: 5/5 levels left

rFire    . . .     SeeInvis .   a - +0 falchion (chaos)
rCold    . . .     Gourm    .   (no shield)
rNeg     . . .     Faith    .   t - +2 leather armour
rPois    .         Spirit   .   (no helmet)
rElec    .         Reflect  .   (no cloak)
rCorr    .         Harm     .   (no gloves)
MR       .....                  (no boots)
Stlth    +.........             (no amulet)
HPRegen  0.16/turn              (no ring)
MPRegen  0.10/turn              (no ring)

@: brilliant, liquid flames, glowing, drained
A: deformed body, deterioration 1, dopey 1
a: Renounce Religion


You were on level 4 of the Dungeon.
You worshipped Xom.
You were a very special plaything of Xom.
You were very hungry.

You visited 1 branch of the dungeon, and saw 4 of its levels.

You collected 143 gold pieces.

Inventory:

Hand Weapons
 a - a +0 falchion of chaos (weapon)
 b - a +0 hunting sling
   (You took it off a goblin on level 3 of the Dungeon)
 u - a cursed -2 dagger
   (You found it on level 3 of the Dungeon)
 v - a +4 dagger
   (You took it off a goblin on level 3 of the Dungeon)
 w - a +2 dagger of draining
   (You took it off an orc on level 3 of the Dungeon)
Missiles
 q - 29 sling bullets
 s - 93 stones (quivered)
 x - 4 curare-tipped needles
Armour
 h - a cursed +0 ring mail
   (You found it on level 1 of the Dungeon)
 t - a +2 leather armour (worn)
Scrolls
 c - a scroll of fear {unknown}
 d - a scroll of immolation {unknown}
 g - a scroll of amnesia {unknown}
 k - a scroll of enchant weapon {unknown}
 l - a scroll of identify {unknown}
 m - a scroll of remove curse {unknown}
 r - a scroll of fog {unknown}
Potions
 e - 2 potions of curing {unknown}
 i - a potion of brilliance
 j - a potion of cancellation {unknown}
 n - a potion of haste {unknown}
 o - a potion of heal wounds {unknown}
 p - 2 potions of might {unknown}
 z - a potion of magic {unknown}
Comestibles
 f - 6 rations


   Skills:
 + Level 4.4 Fighting
 * Level 5.6 Long Blades
 - Level 2.0(1.9) Armour
 - Level 1.0(0.9) Dodging


You had 5 spell levels left.
You didn't know any spells.
Your spell library was empty.

Dungeon Overview and Level Annotations

Branches:
Dungeon (4/15)
 Temple: D:4-7

Altars:
Fedhas
Qazlal
Xom


Innate Abilities, Weirdness & Mutations

Armour fits poorly on your strangely shaped body.
Your body sometimes deteriorates upon taking damage.
You are dopey. (Int -2)


Message History

There is a stone staircase leading up here.
You closely miss the orc wizard.
The orc wizard hits you with a +0 dagger.
The orc wizard hits you but does no damage.
The orc misses you.
You climb upwards.
There is a stone staircase leading down here.
You closely miss the orc wizard. The orc wizard closely misses you.
You hit the orc wizard. You drain the orc wizard!
The orc hits you but does no damage. The orc wizard barely misses you.
You riposte.
You hit the orc wizard.
You feel better.
You hit the orc wizard.
You kill the orc wizard!
You feel your intelligence returning. The orc hits you with a +0 falchion.
The orc hits you with a +0 falchion.
Things that are here:
a +0 dagger; a +0 robe You hit the orc.
Lightning courses through the orc!
You kill the orc!
You see here a +0 falchion.
Things that are here:
a +0 dagger; a +0 robe
There is a stone staircase leading down here.
You start resting.
You climb downwards.
The orc hits you with a +0 club. The orc closely misses you.
You riposte.
You completely miss the orc.
There is a stone staircase leading up here.
You barely miss the orc. The orc misses you.
You riposte.
You slash the orc! Lightning courses through the orc!
You kill the orc!
The orc hits you but does no damage.
You hit the orc. You burn the orc. The orc barely misses you.
You hit the orc but do no damage.
The orc is poisoned.
The orc hits you but does no damage.
You closely miss the orc. The orc hits you.
You slash the orc!
You kill the orc!
No target in view!
There is a stone staircase leading up here.
Things that are here:
a +0 club; a +0 ring mail You start resting.
A phantom comes into view.
The phantom blinks!
You hit the phantom.
The phantom twitches.
The phantom misses you.
You barely miss the phantom.
The phantom blinks!
You hit the phantom but do no damage.
The phantom hits you but does no damage.
You miss the phantom.
The phantom blinks!
The phantom blinks!
The phantom blinks!
There is a stone staircase leading up here.
No target in view!
You start waiting.
The phantom is too close now for your liking.
The phantom blinks!
You barely miss the phantom.
The phantom blinks!
You are now a very special plaything of Xom.
The phantom misses you.
You slash the phantom! Lightning courses through the phantom!
The phantom blinks!
The phantom hits you.
You barely miss the phantom.
You are feeling very hungry.
The phantom hits you!
The phantom blinks!
Xom complains about the scenery.
You hit the phantom but do no damage. Lightning courses through the phantom!
Xom's power touches on you for a moment.
Something forms from out of thin air!
The phantom hits you.
The phantom blinks!
The phantom blinks!
The smoke demon hits you. x2
The smoke demon completely misses you.
The phantom blinks!
You barely miss the smoke demon. You closely miss the smoke demon.
The smoke demon misses you.
The smoke demon hits you but does no damage.
The smoke demon barely misses you.
You hit the phantom.
The phantom blinks!
The smoke demon closely misses you. The smoke demon hits you.
The smoke demon misses you. The smoke demon gestures at you.
The sticky flame misses you. The smoke demon gestures at you.
The sticky flame hits you!
You are covered in liquid flames!
You see here a mace.
You are covered in liquid flames!
Your body deteriorates!
You feel clumsy. The smoke demon hits you.
* * * LOW HITPOINT WARNING * * *
The smoke demon hits you.
* * * LOW HITPOINT WARNING * * *
The smoke demon hits you but does no damage.
It was a potion of brilliance.
You feel clever all of a sudden.
Xom is amused.
You are covered in liquid flames!
* * * LOW HITPOINT WARNING * * *
The smoke demon gestures at you. Xom smites you!
You die...
Xom chortles!

............###
.########.....#####
####......#
#_._.).#
#####....<_#
.........._#
####..W.._#
#..3)._# #_.@...#
#..._..# ########


You could see a smoke demon and a phantom.

Vanquished Creatures
  A bullfrog (D:3)
  A centaur skeleton (D:2)
  An orc wizard (D:3)
  A gnoll (D:3)
  2 adders (D:2)
  A worm (D:2)
  2 dart slugs (D:2)
  A leopard gecko (shapeshifter) (D:1)
  3 leopard geckos
  7 orcs
  2 ball pythons
  3 giant cockroaches
  10 goblins
  9 hobgoblins
  3 jackals (D:1)
  9 kobolds
  2 quokkas
  3 bats
  3 frilled lizards
  6 rats
70 creatures vanquished.

Notes
Turn   | Place    | Note
-------+----------+-------------------------------------------
     0 | D:1      | RKaid the Human Chaos Knight began the quest for the Orb.
     0 | D:1      | Reached XP level 1. HP: 18/18 MP: 1/1
   126 | D:1      | Reached XP level 2. HP: 24/24 MP: 2/2
   190 | D:1      | XOM: divination: detect creatures
   194 | D:1      | XOM: harmless Erth miscast
   383 | D:1      | Reached XP level 3. HP: 26/29 MP: 3/3
   846 | D:1      | XOM: cloud trail
  1087 | D:2      | XOM: divination: detect creatures
  1115 | D:2      | Found a blossoming altar of Fedhas.
  1125 | D:2      | Reached skill level 4 in Long Blades
  1341 | D:2      | Reached XP level 4. HP: 35/35 MP: 4/4
  1403 | D:2      | Found a stormy altar of Qazlal.
  1748 | D:2      | Reached XP level 5. HP: 33/42 MP: 5/5
  2126 | D:3      | Noticed a bullfrog
  2147 | D:3      | HP: 9/42 [bullfrog (2)]
  2148 | D:3      | Killed a bullfrog
  2148 | D:3      | Reached skill level 4 in Fighting
  2148 | D:3      | Reached skill level 5 in Long Blades
  2150 | D:3      | XOM: give mutations
  2150 | D:3      | Gained mutation: You are dopey. (Int -2) [Xom's mischief]
  2150 | D:3      | Gained mutation: Armour fits poorly on your strangely
                  | shaped body. [Xom's mischief]
  2150 | D:3      | Gained mutation: Your body sometimes deteriorates upon
                  | taking damage. [Xom's mischief]
  2161 | D:3      | XOM: harmless Ice miscast
  2294 | D:3      | XOM: medium Ice miscast
  2584 | D:3      | XOM: mild Erth miscast
  2803 | D:3      | Found a blossoming altar of Fedhas.
  2819 | D:3      | XOM: divination: magic mapping
  2824 | D:3      | Reached XP level 6. HP: 37/48 MP: 6/6
  3133 | D:3      | XOM: smoke on damage
  3464 | D:4      | Noticed a phantom
  3499 | D:4      | XOM: scenery: create altars
  3500 | D:4      | XOM: medium Summ miscast
  3501 | D:4      | Noticed a smoke demon
  3507 | D:4      | HP: 11/49 [smoke demon[the capriciousness of Xom] (6)]
  3508 | D:4      | Killed from afar by a smoke demon

Vault maps used:
D:1:      kennysheep_arrival_forest
D:2:      old_standard_altar, first_ration, fedhas_ov_isle_minmay
D:3:      overflow_temple_1_default, minivault_19
D:4:      makhleb_heckhound_becter

Skill      XL: |  1  2  3  4  5 |
---------------+----------------+-----
Long Blades    | 4 5 |  5.6
Fighting       | 4 |  4.4
Armour         | |  2.0
Dodging        | |  1.0

Action                   |  1- 3 |  4- 6 || total
-------------------------+-------+-------++-------
Melee: Falchion          |   107 |   118 ||   225
 Fire: Hunting sling     |       |     3 ||     3
  Use: Potion            |       |     1 ||     1
 Stab: Paralysed         |     2 |       ||     2
       Confused          |       |     1 ||     1
  Eat: Chunk             |     1 |     3 ||     4
       Ration            |       |     1 ||     1
Armor: Leather armour    |    29 |    30 ||    59
Dodge: Dodged            |    62 |    65 ||   127
       Rpst.: Falchion   |    16 |    16 ||    32

Table legend:
 A = Non-vault XP
 B = Vault XP
 C = Vault XP percentage of total XP
 D = Non-vault monster count
 E = Vault monster count
 F = Vault count percentage of total count
                 A         B        C        D         E       F
            +---------+---------+-------+---------+---------+-------
      Total |     332 |       0 |   0.0 |      70 |       0 |   0.0
            +---------+---------+-------+---------+---------+-------
        D:1 |      43 |       0 |   0.0 |      23 |       0 |   0.0
        D:2 |     112 |       0 |   0.0 |      26 |       0 |   0.0
        D:3 |     171 |       0 |   0.0 |      19 |       0 |   0.0
        D:4 |       6 |       0 |   0.0 |       2 |       0 |   0.0
            +---------+---------+-------+---------+---------+-------

Table legend:
 A = Turns spent in this place as a percentage of turns spent in the entire game.
 B = Non-inter-level travel turns spent in this place as a percentage of non-inter-level travel turns spent in the entire game.
 C = Inter-level travel turns spent in this place as a percentage of turns spent in this place.
 D = Turns resting spent in this place as a percentage of non-inter-level travel turns spent in this place.
 E = Turns spent auto-exploring this place as a percentage of non-inter-level travel turns spent in this place.
 F = Non-inter-level travel turns spent in this place divided by the number of levels of this place that you've seen.
                   A       B       C       D       E      F
               +-------+-------+-------+-------+-------+----------------------
         Total | 100.0 | 100.0 |   2.7 |  33.6 |  39.8 | 853.5
       Dungeon | 100.0 | 100.0 |   2.7 |  33.6 |  39.8 | 853.5
               +-------+-------+-------+-------+-------+----------------------

Table legend:
 A = Kills in this place as a percentage of kills in entire the game.
 B = Kills by you in this place as a percentage of kills by you in the entire game.
 C = Kills by friends in this place as a percentage of kills by friends in the entire game.
 D = Other kills in this place as a percentage of other kills in the entire game.
 E = Experience gained in this place as a percentage of experience gained in the entire game.
 F = Experience gained in this place divided by the number of levels of this place that you have seen.
                   A       B       C       D       E      F
               +-------+-------+-------+-------+-------+----------------------
         Total | 100.0 | 100.0 |   N/A |   N/A | 100.0 |  83.0
       Dungeon | 100.0 | 100.0 |   N/A |   N/A | 100.0 |  83.0
               +-------+-------+-------+-------+-------+----------------------
